 Dungeon Crawl Stone Soup version 0.28.0-45-g0d030f2227 (webtiles) character file.

Game seed: 14419347361527622310

1941 McKennaii the Skirmisher (level 8, -7/71 HPs)
             Began as a Demigod Fighter on Apr 18, 2022.
             Mangled by a vampire (8 damage)
             ... on level 6 of the Dungeon.
             The game lasted 00:06:17 (7019 turns).

McKennaii the Skirmisher (Demigod Fighter)          Turns: 7019, Time: 00:06:17

Health: -7/71      AC: 13    Str: 25    XL:     8   Next: 65%
Magic:  10/10      EV:  9    Int: 16    God:
Gold:   315        SH:  5    Dex: 13    Spells: 7/7 levels left

rFire   + . .      SeeInvis .   a - +0 trident
rCold   . . .      Faith    .   c - +0 buckler
rNeg    . . .      Spirit   .   b - +0 scale mail
rPois   .          Reflect  .   p - +0 helmet
rElec   .          Harm     .   t - +0 cloak
rCorr   .          Rampage  .   g - +1 pair of gloves
Will    .....                   j - +0 pair of boots
Stlth   ..........              (no amulet)
HPRegen 0.21/turn               x - +6 ring of intelligence
MPRegen 0.12/turn               u - ring of protection from fire

@: mighty
A: high MP 1, forlorn, divine attributes
a: no special abilities


You were on level 6 of the Dungeon.
You visited 1 branch of the dungeon, and saw 6 of its levels.

You collected 315 gold pieces.

Inventory:

Hand Weapons
 a - a +0 trident (weapon)
Armour
 b - a +0 scale mail (worn)
 c - a +0 buckler (worn)
 g - a +1 pair of gloves (worn)
 j - a +0 pair of boots (worn)
 p - a +0 helmet (worn)
 t - a +0 cloak (worn)
Jewellery
 s - a ring of magical power
 u - a ring of protection from fire (right hand)
 x - a +6 ring of intelligence (left hand)
Scrolls
 f - 2 scrolls of teleportation {unknown}
 i - a scroll of vulnerability {unknown}
 k - 2 scrolls of blinking {unknown}
 m - 5 scrolls of identify {unknown}
 r - a scroll of enchant weapon {unknown}
 w - a scroll of magic mapping {unknown}
 y - a scroll of immolation {unknown}
Potions
 d - a potion of might
 l - a potion of curing {unknown}
 n - a potion of invisibility {unknown}
 o - a potion of cancellation {unknown}
 q - a potion of flight {unknown}
 v - a potion of resistance {unknown}


   Skills:
 + Level 6.5 Fighting
 + Level 6.1 Polearms
 + Level 6.5 Armour
 - Level 4.0 Shields


You had 7 spell levels left.
You didn't know any spells.
Your spell library contained the following spells:

 Spells                   Type           Power      Damage    Failure   Level
 Freeze                   Ice            0%         1d3       58%         1
 Magic Dart               Conj           0%         1d3       58%         1
 Ensorcelled Hibernation  Hex/Ice        0%         N/A       73%         2
 Passwall                 Tmut/Erth      0%         N/A       73%         2
 Searing Ray              Conj           0%         2d4       73%         2
 Sublimation of Blood     Necr           0%         N/A       73%         2
 Swiftness                Air            0%         N/A       91%         3
 Fulminant Prism          Conj/Hex       0%         3d6       100%        4
 Petrify                  Tmut/Erth      0%         N/A       100%        4
 Irradiate                Conj/Tmut      0%         3d13      100%        5


Dungeon Overview and Level Annotations

Branches:
Dungeon (6/15)             Temple (0/1) D:5

Shops:
D:1 (


Innate Abilities, Weirdness & Mutations

You have an increased reservoir of magic. (+10% MP)
You shall have no god before yourself.
Your divine heritage dramatically boosts your attributes as you level up.


Message History

Something bites you but does no damage.
Unknown command.
You feel very mighty all of a sudden. Something hits you but does no damage.
Something bites you.
Something draws strength from your injuries!
Unknown command.
You impale something!! Something hits you but does no damage.
Something bites you but does no damage.
You hit something.
You hear some strange, mumbled words.
Something tries to affect you, but you resist.
You miss something. You block something's attack. Something bites you.
Something draws strength from your injuries!
You closely miss something. Something hits you but does no damage.
Something bites you.
Something draws strength from your injuries!
You miss something. Something hits you. Something bites you but does no damage.
You hit something. Something draws life force from you!
* * * LOW HITPOINT WARNING * * *
You miss something. Something draws life force from you!
* * * LOW HITPOINT WARNING * * *
Unknown command.
You feel much better. Something draws life force from you!
* * * LOW HITPOINT WARNING * * *
You closely miss something. Something hits you but does no damage.
You block something's attack.
You closely miss something. Something hits you!
* * * LOW HITPOINT WARNING * * *
Something bites you but does no damage.
You puncture something!
You hear some strange, mumbled words.
Something tries to affect you, but you resist.
You miss something. Something hits you but does no damage.
Something bites you but does no damage.
You closely miss something. Something hits you but does no damage.
Something bites you!
* * * LOW HITPOINT WARNING * * *
Something draws strength from your injuries!
Something hits you but does no damage. Something bites you!
You die...

#.............#
#..........#.##
######............#
#....#............#
#....####'######..#
#....# #.# #..# #....#
#.######..#
##....####.....##..#
####.....'{@..........#
.........########.###.#
.........# #.###.#
......##.# #.....#
########.######.#######
.......<........
###.####.######.#.# #.#
#.# ... #.#.#


There were no monsters in sight!

Vanquished Creatures
  Pikel (D:5)
  Grinder (D:4)
  Sigmund (D:5)
  A wraith (D:6)
  An ogre (D:5)
  A phantom (D:4)
  A kobold brigand (D:4)
  A lemure (D:5)
  Blork the orc (D:3)
  2 bullfrogs
  A wyvern skeleton (D:6)
  A water moccasin skeleton (D:5)
  2 centaur skeletons
  2 hounds
  A jelly (D:5)
  2 iguanas
  5 gnolls
  14 adders
  A white imp (D:5)
  An ufetubus (D:5)
  An adder skeleton (D:4)
  A worm (D:2)
  A dart slug (D:4)
  8 orcs
  A ball python (D:3)
  5 endoplasms
  4 giant cockroaches
  8 hobgoblins
  3 jackals (D:3)
  4 quokkas
  5 bats
  3 frilled lizards
  7 goblins
  5 kobolds
  5 rats
102 creatures vanquished.

Notes
Turn   | Place    | Note
-------+----------+-------------------------------------------
     0 | D:1      | McKennaii the Demigod Fighter began the quest for the Orb.
     0 | D:1      | Reached XP level 1. HP: 18/18 MP: 3/3
   618 | D:1      | Reached XP level 2. HP: 25/25 MP: 4/4
  1050 | D:1      | Got Plato's Grimoire of Cold
  1193 | D:1      | Found Oromae's Weapon Shop.
  1724 | D:2      | Reached XP level 3. HP: 31/31 MP: 5/5
  2266 | D:2      | Reached XP level 4. HP: 38/38 MP: 6/6
  3237 | D:3      | Reached XP level 5. HP: 37/45 MP: 7/7
  3807 | D:4      | Identified the +0 robe "Oblasoko" {-Tele rElec rPois Str+3}
  4181 | D:4      | Reached XP level 6. HP: 46/52 MP: 8/8
  4395 | D:4      | Noticed Grinder
  4507 | D:4      | Noticed Blork the orc
  4545 | D:3      | Killed Blork the orc
  4761 | D:4      | Paralysed by Grinder for 5 turns
  4767 | D:4      | Paralysed by Grinder for 5 turns
  4777 | D:4      | HP: 1/53 [Grinder/nerve-wracking pain (2)]
  4779 | D:4      | Killed Grinder
  4780 | D:4      | Reached XP level 7. HP: 1/60 MP: 9/9
  5106 | D:4      | Reached skill level 5 in Fighting
  5365 | D:5      | Entered Level 5 of the Dungeon
  5436 | D:5      | Reached skill level 5 in Armour
  5441 | D:5      | Noticed Sigmund
  5612 | D:5      | Found a staircase to the Ecumenical Temple.
  5733 | D:5      | Noticed Pikel
  5769 | D:5      | Killed Pikel
  5770 | D:5      | Reached skill level 5 in Polearms
  5770 | D:5      | Reached XP level 8. HP: 41/70 MP: 10/10
  6040 | D:5      | Killed Sigmund
  7019 | D:6      | HP: 1/71 [something (8)]
  7019 | D:6      | Mangled by a vampire

Illustrated notes

Levels and vault maps discovered:
D:1:      psy_arrival_radial02, layout_basic,
          shapermc_ecumenical_altar_rom_forum, serial_shops, shop,
          chequers_decorated_corner
D:2:      layout_basic
D:3:      minmay_diamond_boxcup, layout_rooms, amcnicky_altar_gilded,
          minmay_misc_feat_alley, chequers_serial_rivers_large_b,
          grunt_decor_fettered
D:4:      layout_rooms, uniq_blork_the_orc, uniq_grinder
D:5:      layout_rooms, lemuel_tele_altar, nicolae_overflow_hidden_temple,
          mainiacjoe_overflow_chevrons, minmay_temple_entry_glass,
          dk_noncrumbling_3, uniq_pikel, uniq_sigmund
D:6:      layout_basic, mainiacjoe_overflow_brackets, old_standard_altar,
          dk_vineyard_1, hangedman_decor_points, uniq_eustachio

Skill      XL: |  1  2  3  4  5  6  7  8 |
---------------+-------------------------+-----
Polearms       | 2 3 4 5 6 |  6.1
Fighting       | 3 4 6 |  6.5
Armour         | 3 4 5 6 |  6.5
Shields        | 3 4 |  4.0

Action                   |  1- 3 |  4- 6 |  7- 9 || total
-------------------------+-------+-------+-------++-------
Melee: Trident           |    98 |   294 |   192 ||   584
  Use: Potion            |       |       |     4 ||     4
Armor: Scale mail        |    40 |   141 |   104 ||   285
Dodge: Dodged            |    27 |   122 |    79 ||   228
Block: Buckler           |    14 |    65 |    61 ||   140
